 Dungeon Crawl Stone Soup version 0.29.0-11-gd7f09526c8 (webtiles) character file.

Game seed: 15918618422264169983

42 Destapler the Cudgeller (level 3, -4/54 HPs)
             Began as a Troll Berserker on Sept 3, 2022.
             Was a Follower of Trog.
             Succumbed to a goblin's poison
             ... on level 2 of the Dungeon.
             The game lasted 00:00:55 (937 turns).

Destapler the Cudgeller (Troll Berserker)            Turns: 937, Time: 00:00:56

Health: -4/54      AC:  4    Str: 27    XL:     3   Next: 33%
Magic:  2/2        EV: 10    Int:  3    God:    Trog [*.....]
Gold:   30         SH:  0    Dex:  9    Spells: 2/2 levels left

rFire   . . .      SeeInvis .   a - +0 mace
rCold   . . .      Faith    .   (no shield)
rNeg    . . .      Spirit   .   b - +0 animal skin
rPois   .          Reflect  .   (helmet restricted)
rElec   .          Harm     .   (no cloak)
rCorr   .          Rampage  .   (gloves unavailable)
Will    .....                   (boots unavailable)
Stlth   ..........              (no amulet)
HPRegen 0.98/turn               (no ring)
MPRegen 0.08/turn               (no ring)

@: berserking (expiring), lethally poisoned (-4 -> -25), very quick
A: large, unfitting armour, claws 3, regeneration 1, shaggy fur 1, tough skin 1
a: Renounce Religion, Berserk


You were on level 2 of the Dungeon.
You worshipped Trog.
Trog was aware of your devotion.
You visited 1 branch of the dungeon, and saw 2 of its levels.

You collected 30 gold pieces.

Inventory:

Hand Weapons
 a - a +0 mace (weapon)
Missiles
 g - a throwing net (quivered)
Armour
 b - a +0 animal skin (worn)
Jewellery
 c - a ring of magical power
Scrolls
 f - a scroll of identify {unknown}
Potions
 d - a potion of ambrosia {unknown}
 e - a potion of heal wounds {unknown}


   Skills:
 + Level 2.8 Fighting
 + Level 3.1 Maces & Flails
 + Level 0.3 Throwing
 + Level 2.8 Dodging
 + Level 0.2 Shields


You had 2 spell levels left.
You didn't know any spells.
Your spell library contained the following spells:

 Spells                   Type           Power      Damage    Failure   Level
 Chain Lightning          Conj/Air       0%         N/A       100%        9
 Fire Storm               Conj/Fire      0%         5d1       100%        9
 Shatter                  Erth           0%         3d5*      100%        9


Dungeon Overview and Level Annotations

Branches:
Dungeon (2/15)

Altars:


Innate Abilities, Weirdness & Mutations

You are too large for most types of armour.
You have claws for hands.
Your natural rate of healing is unusually fast.
You are covered in fur. (AC +1)
You have tough skin. (AC +1)


Message History

You are more poisoned.
You sock the adder!
The adder is severely wounded.
You feel very sick. The adder bites you but does no damage.
You sock the adder!
You kill the adder!
Trog accepts your kill.
You feel very sick. The goblin closely misses you.
The goblin hits you with a +0 dagger.
You closely miss the goblin.
You feel very sick. The goblin barely misses you.
The goblin hits you with a +2 dagger of venom.
* * * LOW HITPOINT WARNING * * *
You are more poisoned.
You barely miss the goblin.
* * * LOW HITPOINT WARNING * * *
You feel very sick.
The goblin hits you with a +2 dagger of venom.
* * * LOW HITPOINT WARNING * * *
You are lethally poisoned!
The goblin hits you with a +0 dagger.
* * * LOW HITPOINT WARNING * * *
You barely miss the goblin.
* * * LOW HITPOINT WARNING * * *
You feel very sick. The goblin hits you but does no damage.
The goblin closely misses you.
You closely miss the goblin.
* * * LOW HITPOINT WARNING * * *
You feel very sick.
You closely miss the goblin.
* * * LOW HITPOINT WARNING * * *
You feel very sick. The rat bites you but does no damage.
The goblin hits you but does no damage.
The goblin hits you with a +2 dagger of venom.
* * * LOW HITPOINT WARNING * * *
You are more poisoned.
You barely miss the goblin.
You die...

### .. .
#####.####.#
#..........#
#...†....).#
#..g@r.....#
#..rg.......
#.........##
#.........#
#.........#
#.........#
#.........#
#.......###
#.......#


You could see 2 goblins and 2 rats.

Vanquished Creatures
  A gnoll (D:1)
  An adder (D:2)
  2 endoplasms (D:1)
  A giant cockroach (D:1)
  4 goblins (D:1)
  4 hobgoblins (D:1)
  2 kobolds (D:1)
  5 ball pythons (D:1)
  A bat (D:1)
  2 rats (D:1)
23 creatures vanquished.

Notes
Turn   | Place    | Note
-------+----------+-------------------------------------------
     0 | D:1      | Destapler the Troll Berserker began the quest for the Orb.
     0 | D:1      | Reached XP level 1. HP: 22/22 MP: 0/0
   101 | D:1      | Reached skill level 3 in Maces & Flails
   101 | D:1      | Reached XP level 2. HP: 24/29 MP: 1/1
   385 | D:1      | Found a faded altar of an unknown god.
   576 | D:1      | Reached XP level 3. HP: 35/36 MP: 2/2
   936 | D:2      | HP: 1/54 [goblin/+2 dagger of venom (2)]
   937 | D:2      | Succumbed to a goblin's poison

Illustrated notes

Levels and vault maps discovered:
D:1:      dpeg_arrival_fog, layout_basic, shapermc_ecumenical_altar_flowoftime
D:2:      layout_loops_corners

Skill      XL: |  1 |
---------------+----+-----
Maces & Flails | 3 |  3.1
Fighting       | |  2.8
Throwing       | |  0.3
Dodging        | |  2.8
Shields        | |  0.2

Action                   || total
-------------------------++-------
Melee: Mace              ||    55
       Punch             ||     1
Invok: Berserk           ||     2
Armor: Animal skin       ||    27
Dodge: Dodged            ||    35
